 Dungeon Crawl Stone Soup version 0.30-a0-808-g6e0788376e (webtiles) character file.

Game seed: 16878090465632644095

1285 hikkokomori the Digger (level 8, -4/48 HPs)
             Began as a Gargoyle Earth Elementalist on Feb 26, 2023.
             Slain by a yak (9 damage)
             ... on level 5 of the Dungeon.
             The game lasted 00:06:12 (5024 turns).

hikkokomori the Digger (GrEE)                       Turns: 5024, Time: 00:06:13

Health: -4/48      AC:  8    Str: 12    XL:     8   Next: 55%
Magic:  19/20      EV: 11    Int: 21    God:
Gold:   250        SH:  0    Dex: 10    Spells: 4/11 levels left

rFire   . . .      SeeInvis .    p - +4 rapier of Vagoar {spect, *Slow rN+ MP+9 Int+3}
rCold   . . .      Faith    .    (no shield)
rNeg    + + +      Spirit   .    a - +0 robe
rPois   ∞          Reflect  .    (no helmet)
rElec   +          Harm     .    (no cloak)
rCorr   .          Rampage  .    (no gloves)
Will    +....                    u - +0 pair of boots
Stlth   +++                      (no amulet)
HPRegen 0.28/turn                v - ring of willpower
MPRegen 0.17/turn                c - ring of positive energy

@: no status effects
A: sickness immunity, AC +5, negative energy resistance 1, electricity
resistance, torment resistance 1, petrification resistance
a: no special abilities


You were on level 5 of the Dungeon.
You visited 1 branch of the dungeon, and saw 5 of its levels.

You collected 294 gold pieces.
You spent 44 gold pieces at shops.

Inventory:

Hand Weapons
 e - a +1 dagger
 m - a +2 short sword of flaming
 p - the +4 rapier of Vagoar (weapon) {spect, *Slow rN+ MP+9 Int+3}
   (You found it on level 2 of the Dungeon)

   Int:       It affects your intelligence (+3).
   rN:        It protects you from negative energy.
   MP:        It affects your magic capacity (+9).
   *Slow:     It may slow you when you take damage.
Missiles
 z - a throwing net
Armour
 a - a +0 robe (worn)
 u - a +0 pair of boots (worn)
Jewellery
 c - a ring of positive energy (right hand)
 v - a ring of willpower (left hand)
Wands
 q - a wand of roots (6)
 y - a wand of flame (16)
 C - a wand of polymorph (10)
Scrolls
 d - a scroll of enchant weapon
 g - 4 scrolls of vulnerability
 l - 5 scrolls of noise
 n - 2 scrolls of amnesia
 r - a scroll of blinking {unknown}
 t - 2 scrolls of teleportation
 A - 3 scrolls of identify
 D - a scroll of magic mapping {unknown}
Potions
 b - a potion of magic
 f - 6 potions of curing {unknown}
 h - 2 potions of flight {unknown}
 i - 5 potions of haste
 j - 2 potions of heal wounds {unknown}
 k - 2 potions of brilliance {unknown}
 o - 2 potions of might {unknown}
 s - a potion of cancellation {unknown}
 w - 2 potions of attraction {unknown}
 x - 2 potions of mutation {unknown}
 B - a potion of resistance {unknown}


   Skills:
 + Level 4.5 Fighting
 + Level 1.0 Short Blades
 - Level 1.5 Dodging
 + Level 6.8 Stealth
 - Level 2.0 Spellcasting
 + Level 4.6 Conjurations
 - Level 0.7 Transmutations
 + Level 7.5 Earth Magic


You had 4 spell levels left.
You knew the following spells:

 Your Spells              Type           Power      Damage    Failure   Level
a - Sandblast             Erth           66%        2d15      1%          1
b - Stone Arrow           Conj/Erth      54%        3d10      3%          3
c - Confusing Touch       Hex            2%         N/A       41%         3

Your spell library contained the following spells:

 Spells                   Type           Power      Damage    Failure   Level
 Passwall                 Tmut/Erth      15%        N/A       4%          2
 Kiss of Death            Conj/Necr      44%        2d8       6%          1
 Lesser Beckoning         Tloc           4%         N/A       22%         2
 Petrify                  Tmut/Erth      19%        N/A       26%         4
 Animate Armour           Summ/Erth      34%        N/A       30%         4
 Gell's Gravitas          Tloc           2%         N/A       41%         3
 Teleport Other           Tloc           2%         N/A       41%         3
 Dispel Undead            Necr           2%         3d7       82%         4
 Summon Forest            Summ/Tloc      1%         N/A       99%         5
 Eringya's Noxious Bog    Tmut/Pois      1%         N/A       100%        6
 Summon Hydra             Summ           1%         N/A       100%        7
 Lehudib's Crystal Spear  Conj/Erth      13%        10d5      100%        8


Dungeon Overview and Level Annotations

Branches:
Dungeon (5/15)
 Temple: D:4-7

Altars:
Cheibriados
Dithmenos
Gozag
Hepliaklqana
Ru
Wu Jian
Zin

Shops:
D:4 *


Innate Abilities, Weirdness & Mutations

You are immune to sickness and miasma.
Your stone body is resilient. (AC +5)
You are immune to poison.
You resist negative energy. (rN+)
You are resistant to electric shocks. (rElec)
You are resistant to unholy torment.
You are immune to petrification.


Message History

The yak is moderately wounded.
The yak closely misses you.
You hit the yak.
The yak is moderately wounded.
The yak gores you!
You barely miss the yak.
The yak is moderately wounded.
The yak barely misses you.
You hit the yak.
The yak is heavily wounded.
The yak barely misses you.
You hit the yak.
The yak is heavily wounded.
The yak misses you.
You puncture the yak! You punch the yak, but do no damage.
The yak is severely wounded.
The yak misses you.
You barely miss the yak.
The yak is severely wounded.
The yak gores you! The yak gores you.
You closely miss the yak.
The yak is severely wounded.
The yak gores you!
You hit the yak but do no damage.
The yak is severely wounded.
The yak gores you but does no damage.
You completely miss the yak.
The yak is severely wounded.
The yak gores you.
Casting: Sandblast (safe; 1% risk of failure)
Confirm with . or Enter, or press ? or * to list all spells.
Aiming: Sandblast (safe; 1% risk of failure)
Press: ? - help, Shift-Dir - straight line, f - yak
Aim: a yak (severely wounded, 90% to hit)
The blast of sand hits the yak!
The yak is almost dead.
The yak gores you!
* * * LOW HITPOINT WARNING * * *
The yak gores you!
You die...

#####.####
#........#######
#........#....#.
.........#....#.
......###.......
......###.......
+#..#.#.+.....#.
#########.#.#.....#.
#.Y@....##..........
#..###.#..#..>.......
##..#..#.##..........
##.#####.#...#......
.##.#.###..'......
##.#.#.###.#....##
#.######..........
#..##.#.#.#........##
#..............#####


You could see a yak.

Vanquished Creatures
  Grinder (D:3)
  Sigmund (D:4)
  A vampire mosquito (D:5)
  A centaur (D:5)
  A gnoll sergeant (D:4)
  A necrophage (D:5)
  3 scorpions (D:4)
  A jelly (D:5)
  2 hounds (D:4)
  An orc priest (D:5)
  An iguana (D:4)
  An orc wizard (D:3)
  3 gnolls (D:4)
  8 adders
  An ufetubus (D:5)
  2 worms (D:2)
  3 dart slugs
  12 orcs
  10 ball pythons
  9 endoplasms
  5 giant cockroaches
  9 goblins
  8 hobgoblins
  7 jackals (D:1)
  5 kobolds
  2 quokkas
  6 bats
  7 frilled lizards
  7 rats
119 creatures vanquished.

Notes
Turn   | Place    | Note
-------+----------+-------------------------------------------
     0 | D:1      | hikkokomori the Gargoyle Earth Elementalist began the quest
                  | for the Orb.
     0 | D:1      | Reached XP level 1. HP: 10/10 MP: 3/3
   194 | D:1      | Reached XP level 2. HP: 15/15 MP: 3/5
   198 | D:1      | Reached skill level 4 in Earth Magic
   415 | D:1      | Reached XP level 3. HP: 19/19 MP: 2/6
   701 | D:1      | Found a faded altar of an unknown god.
  1252 | D:2      | Reached XP level 4. HP: 24/24 MP: 5/7
  1542 | D:2      | Reached skill level 5 in Earth Magic
  1826 | D:2      | Identified the +4 rapier of Vagoar {spect, *Slow rN+ MP+9
                  | Int+3}
  2121 | D:2      | Learned a level 3 spell: Stone Arrow
  2472 | D:3      | Noticed Grinder
  2479 | D:3      | Reached XP level 5. HP: 28/28 MP: 8/8
  2486 | D:3      | Killed Grinder
  2487 | D:3      | Reached skill level 5 in Stealth
  2487 | D:3      | Reached XP level 6. HP: 13/35 MP: 9/9
  2748 | D:3      | Found a sacrificial altar of Ru.
  2754 | D:3      | Reached skill level 6 in Earth Magic
  3008 | D:4      | Found an ornate altar of the Wu Jian Council.
  3046 | D:4      | Found a glowing silver altar of Zin.
  3048 | D:4      | Found an opulent altar of Gozag.
  3111 | D:4      | Noticed Sigmund
  3135 | D:4      | Killed Sigmund
  3136 | D:4      | Reached XP level 7. HP: 8/41 MP: 10/10
  3555 | D:4      | Found Fuck's General Store.
  3590 | D:4      | Bought a scroll of identify for 22 gold pieces
  3590 | D:4      | Bought a scroll of identify for 22 gold pieces
  3634 | D:4      | Found a shadowy altar of Dithmenos.
  3653 | D:4      | Found a hazy altar of Hepliaklqana.
  3915 | D:5      | Entered Level 5 of the Dungeon
  3933 | D:5      | HP: 2/42 [centaur/arrow (5)]
  4244 | D:4      | Reached XP level 8. HP: 48/48 MP: 11/11
  4281 | D:4      | Reached skill level 7 in Earth Magic
  4671 | D:5      | Found a snail-covered altar of Cheibriados.
  4728 | D:5      | Reached skill level 1 in Short Blades
  5006 | D:5      | Noticed a yak
  5011 | D:5      | Learned a level 3 spell: Confusing Touch
  5024 | D:5      | Slain by a yak

Illustrated notes

Levels and vault maps discovered:
D:1:      dpeg_arrival_three_smaller_balls, layout_basic,
          hellmonk_ecumenical_altar_prayer_group, ebering_dispersal_statue_hall,
          minmay_splitting_lines, st_stairs_9
D:2:      minmay_recursive_quarters, layout_basic
D:3:      layout_rooms, nicolae_ru_great_annihilating_truth, minmay_cut_off,
          uniq_grinder
D:4:      layout_basic, mainiacjoe_overflow_tiny_flanked,
          nicolae_dithmenos_the_darkroom, nicolae_overflow_hidden_temple,
          nicolae_stop_n_shop_1, lightli_minifort, uniq_sigmund
D:5:      layout_basic, gammafunk_temple_overflow_pools,
          nicolae_overflow_crystal_walls, reono_crystal_passage,
          minmay_small_thing

Skill      XL: |  1  2  3  4  5  6  7  8 |
---------------+-------------------------+-----
Earth Magic    | 4 5 6 7 |  7.5
Stealth        | 3 4 5 6 |  6.8
Fighting       | 2 3 4 |  4.5
Conjurations   | 2 3 4 |  4.6
Short Blades   | 1 |  1.0
Dodging        | |  1.5
Spellcasting   | |  2.0
Transmutations | |  0.7

Action                     |  1- 3 |  4- 6 |  7- 9 || total
---------------------------+-------+-------+-------++-------
  Melee: Unarmed           |    15 |       |       ||    15
         Dagger            |    10 |     5 |       ||    15
         Short sword       |       |    15 |       ||    15
         Rapier            |       |    55 |    33 ||    88
         Punch             |       |     1 |     1 ||     2
   Cast: Sandblast         |    47 |    29 |    36 ||   112
         Stone Arrow       |       |       |     1 ||     1
    Use: Scroll            |     1 |       |     7 ||     8
   Stab: Sleeping          |     2 |     8 |     3 ||    13
         Paralysed         |       |     1 |       ||     1
 Armour: Robe              |    15 |    43 |    19 ||    77
  Dodge: Dodged            |    24 |    42 |    43 ||   109

Table legend: (Time is in decaauts)
 A = Elapsed time spent in this place.
 B = Non-inter-level travel time spent in this place.
 C = Inter-level travel time spent in this place.
 D = Time resting spent in this place.
 E = Time spent auto-exploring this place.
 F = Levels seen in this place.
 G = Mean time per level.
                   A        B        C        D        E       F      G
               +--------+--------+--------+--------+--------+-----+--------+
         Total |   5097 |   5007 |     90 |    357 |   3889 |   5 | 1019.4 |
       Dungeon |   5097 |   5007 |     90 |    357 |   3889 |   5 | 1019.4 |
               +--------+--------+--------+--------+--------+-----+--------+

Top non-repeatable levels by time:
     D:2: 1453 daAuts
     D:4: 1365 daAuts
     D:1: 978 daAuts
     D:5: 686 daAuts
     D:3: 613 daAuts
